 Dungeon Crawl Stone Soup version 0.30.0-29-ga12c61a403 (webtiles) character file.

Game seed: 3731499247603029767

38 Peloso the Trooper (level 3, 0/33 HPs)
             Began as a Minotaur Fighter on June 25, 2023.
             Slain by Robin
             ... wielding a +0 spear
              (1 damage)
             ... on level 2 of the Dungeon.
             The game lasted 00:01:41 (994 turns).

Peloso the Trooper (Minotaur Fighter)                Turns: 994, Time: 00:01:42

Health: 0/33       AC:  7    Str: 20    XL:     3   Next: 25%
Magic:  2/2        EV:  9    Int:  5    God:
Gold:   26         SH:  4    Dex: 11    Spells: 2/2 levels left

rFire   . . .        a - +0 long sword
rCold   . . .        c - +0 buckler
rNeg    . . .        b - +0 scale mail
rPois   .            (helmet restricted)
rElec   .            (no cloak)
rCorr   .            (no gloves)
SInv    .            (no boots)
Will    .....        (no amulet) Stlth
                     (no ring)
HPRegen 0.25/turn    (no ring)
MPRegen 0.08/turn

%: no passive effects
@: no status effects
A: horns 2, retaliatory headbutt
a: no special abilities


You were on level 2 of the Dungeon.
You visited 1 branch of the dungeon, and saw 2 of its levels.

You collected 26 gold pieces.

Inventory:

Hand Weapons
 a - a +0 long sword (weapon)
Armour
 b - a +0 scale mail (worn)
 c - a +0 buckler (worn)
Jewellery
 e - an amulet of magic regeneration
Scrolls
 f - a scroll of immolation {unknown}
 g - 2 scrolls of teleportation {unknown}
 h - 2 scrolls of identify {unknown}
 i - a scroll of torment {unknown}
Potions
 d - a potion of might


   Skills:
 + Level 4.1 Fighting
 + Level 3.1 Long Blades
 + Level 4.0 Armour
 + Level 0.2 Dodging
 + Level 4.1 Shields


You had 2 spell levels left.
You didn't know any spells.
Your spell library was empty.

Dungeon Overview and Level Annotations

Branches:
Dungeon (2/15)

Altars:

Shops:
D:1 :

Annotations:
D:2 Robin


Innate Abilities, Weirdness & Mutations

You have a pair of horns on your head.
You reflexively headbutt those who attack you in melee.


Message History

The hobgoblin barely misses you.
The hobgoblin hits you but does no damage.
You barely miss the hobgoblin. Your headbutt misses the hobgoblin.
The hobgoblin no longer looks unusually strong.
The hobgoblin barely misses you.
You closely miss the hobgoblin. Your headbutt misses the hobgoblin.
The hobgoblin hits you.
* * * LOW HITPOINT WARNING * * *
You slash the hobgoblin!
You kill the hobgoblin!
The goblin hits you with a +0 dagger.
* * * LOW HITPOINT WARNING * * *
You completely miss the goblin.
The goblin is severely wounded.
The goblin no longer looks unusually strong.
The goblin hits you but does no damage.
You barely miss the goblin.
The goblin is severely wounded.
The goblin no longer looks unusually strong.
You block the goblin's attack.
You slash the goblin!
You kill the goblin!
You block the goblin's attack.
You slash the goblin!
You kill the goblin!
You hit the hobgoblin.
The hobgoblin is severely wounded.
Robin roars a battlecry!
The goblins go into a battle-frenzy!
The hobgoblin hits you.
* * * LOW HITPOINT WARNING * * *
You hit the hobgoblin but do no damage.
You headbutt the hobgoblin, but do no damage.
The hobgoblin is severely wounded.
You block Robin's attack. The hobgoblin closely misses you.
Robin closely misses you. The hobgoblin misses you.
You hit the hobgoblin.
You kill the hobgoblin!
Robin hits you from afar with a +0 spear.
You die...

#g.......#
.#.#
#g##........
#)##....[..#
#g######.###
#..# ...
#######.# ..
#.......#
#.#####g#
#.@)g#
#.##.# #.
#.# .. ..#
##. ### ..
#. #.


You could see Robin and a goblin (strong).

Vanquished Creatures
  2 ball pythons
  3 bats (D:1)
  2 endoplasms
  9 goblins
  6 hobgoblins
  2 jackals (D:1)
  3 kobolds
  5 rats (D:1)
32 creatures vanquished.

Notes
Turn   | Place    | Note
-------+----------+-------------------------------------------
     0 | D:1      | Peloso the Minotaur Fighter began the quest for the Orb.
     0 | D:1      | Reached XP level 1. HP: 19/19 MP: 0/0
    92 | D:1      | Found Sarr's Book Boutique.
   280 | D:1      | Found a faded altar of an unknown god.
   282 | D:1      | Reached XP level 2. HP: 27/27 MP: 1/1
   948 | D:2      | Noticed Robin
   957 | D:2      | Reached XP level 3. HP: 22/33 MP: 2/2
   992 | D:2      | HP: 1/33 [hobgoblin[Robin] (6)]
   994 | D:2      | Slain by Robin

Illustrated notes

Levels and vault maps discovered:
D:1:      minmay_arrival_five_plusses, layout_loops_cross,
          ebering_ecumenical_altar_ruins, serial_shops, shop
D:2:      minmay_wonky_spiral, layout_loops_cross, uniq_robin

Skill      XL: |  1  2 |
---------------+-------+-----
Fighting       | 4 |  4.1
Shields        | 4 |  4.1
Long Blades    | 3 |  3.1
Armour         | 4 |  4.0
Dodging        | |  0.2

Action                     || total
---------------------------++-------
  Melee: Long sword        ||    78
         Headbutt          ||     6
    Use: Potion            ||     2
 Armour: Scale mail        ||    54
  Dodge: Dodged            ||    55
  Block: Buckler           ||    31
